 Dungeon Crawl Stone Soup version 0.29.1-13-g9f3cf754e1 (webtiles) character file.

Game seed: 2451656533630103153

147 nickcage the Cudgeller (level 5, -1/41 HPs)
             Began as a Formicid Fighter on Jan 30, 2023.
             Killed by nerve-wracking pain
             ... invoked by an orc priest
              (14 damage)
             ... on level 3 of the Dungeon.
             The game lasted 00:03:22 (2146 turns).

nickcage the Cudgeller (Formicid Fighter)           Turns: 2146, Time: 00:03:23

Health: -1/41      AC:  6    Str: 22    XL:     5   Next: 54%
Magic:  5/5        EV:  9    Int:  8    God:
Gold:   105        SH:  5    Dex: 13    Spells: 4/4 levels left

rFire   . . .      SeeInvis +   a - +0 flail
rCold   . . .      Faith    .   c - +0 buckler
rNeg    . . .      Spirit   .   b - +0 scale mail
rPois   .          Reflect  .   (helmet unavailable)
rElec   .          Harm     .   (no cloak)
rCorr   .          Rampage  .   (no gloves)
Will    .....                   (no boots)
Stlth   ..........              (no amulet)
HPRegen 0.13/turn               (no ring)
MPRegen 0.09/turn               (no ring)

@: no status effects
A: permanent stasis, dig shafts and tunnels, antennae 3, four strong arms
a: Dig, Shaft Self


You were on level 3 of the Dungeon.
You visited 1 branch of the dungeon, and saw 3 of its levels.

You collected 105 gold pieces.

Inventory:

Hand Weapons
 a - a +0 flail (weapon)
 p - a +1 vorpal spear
Missiles
 g - 5 poisoned darts (quivered)
Armour
 b - a +0 scale mail (worn)
 c - a +0 buckler (worn)
Wands
 n - a wand of polymorph (8)
Scrolls
 e - a scroll of poison {unknown}
 f - a scroll of summoning {unknown}
 i - 3 scrolls of identify {unknown}
Potions
 d - a potion of might
 h - 3 potions of curing {unknown}
 j - a potion of degeneration {unknown}
 k - a potion of attraction {unknown}
 l - a potion of flight {unknown}
 m - a potion of lignification {unknown}
 o - a potion of haste {unknown}


   Skills:
 - Level 3.2 Fighting
 + Level 5.3 Maces & Flails
 - Level 3.2 Armour
 - Level 4.0 Shields


You had 4 spell levels left.
You didn't know any spells.
Your spell library contained the following spells:

 Spells                   Type           Power      Damage    Failure   Level
 Portal Projectile        Hex/Tloc       0%         N/A       99%         3
 Tukima's Dance           Hex            0%         N/A       99%         3
 Blade Hands              Tmut           0%         N/A       100%        5


Dungeon Overview and Level Annotations

Branches:
Dungeon (3/15)

Altars:
Gozag


Innate Abilities, Weirdness & Mutations

You cannot be hasted, slowed, berserked, paralysed or teleported.
You can dig through walls and to a lower floor.
You have a pair of large antennae on your head. (SInv)
Your four strong arms can wield two-handed weapons with a shield.


Message History

The necrophage is moderately damaged.
The necrophage barely misses you.
The necrophage hits you but does no damage.
You hit the necrophage.
The necrophage is moderately damaged.
The necrophage hits you.
You feel drained.
You barely miss the necrophage.
The necrophage is moderately damaged.
The necrophage completely misses you.
You closely miss the necrophage.
The necrophage is moderately damaged.
You block the necrophage's attack.
You sock the necrophage!
The necrophage is severely damaged.
The necrophage hits you.
You sock the necrophage!
The necrophage is almost destroyed.
An orc priest comes into view. It is wielding a +0 flail.
The necrophage hits you.
You feel drained. The necrophage barely misses you.
The orc priest shouts!
You hit the necrophage but do no damage.
The necrophage is almost destroyed.
You block the necrophage's attack.
You barely miss the necrophage.
The necrophage is almost destroyed.
You block the necrophage's attack.
You thump the necrophage!
You destroy the necrophage!
Your life force feels restored.
Your Maces & Flails skill increases to level 5!
You have reached level 5!
You closely miss the orc priest.
The orc priest invokes the aid of Beogh against you.
Beogh smites you!
You sock the orc priest!
The orc priest is severely wounded.
The orc priest hits you with a +0 flail!
The orc priest mumbles some strange prayers to Beogh against you.
Pain shoots through your body!
You die...

############......#
.........##.......#
.........##.......#
.........#........#
.........#.#......#
....)......#......#
###.#####.#####.###
##. # #.# #.#
##.###..... # #.#
#.# #..@....# # #.#
..# #.#o....# ###.#
.## #....###...
.##.## #. #.$.## #
..<..###. ...##
#........# ...#
.....).... ....
.######..##...# .#
....


You could see an orc priest.

Vanquished Creatures
  A necrophage (D:3)
  An orc wizard (D:3)
  An adder (D:2)
  A worm (D:2)
  A dart slug (D:1)
  3 orcs (D:3)
  4 bats
  6 endoplasms
  2 goblins
  A hobgoblin (D:1)
  2 jackals (D:1)
  A quokka (D:1)
  2 ball pythons
  6 frilled lizards
  7 kobolds
  8 rats
47 creatures vanquished.

Notes
Turn   | Place    | Note
-------+----------+-------------------------------------------
     0 | D:1      | nickcage the Formicid Fighter began the quest for the Orb.
     0 | D:1      | Reached XP level 1. HP: 18/18 MP: 1/1
    86 | D:1      | Reached XP level 2. HP: 24/24 MP: 2/2
   216 | D:1      | Reached skill level 3 in Maces & Flails
   340 | D:1      | Reached XP level 3. HP: 23/29 MP: 3/3
   588 | D:1      | Found a faded altar of an unknown god.
  1113 | D:2      | Found an opulent altar of Gozag.
  1486 | D:2      | Reached skill level 4 in Maces & Flails
  1486 | D:2      | Reached XP level 4. HP: 15/35 MP: 4/4
  2133 | D:3      | Noticed a necrophage
  2144 | D:3      | Killed a necrophage
  2145 | D:3      | Reached skill level 5 in Maces & Flails
  2145 | D:3      | Reached XP level 5. HP: 30/41 MP: 5/5
  2146 | D:3      | Killed from afar by an orc priest

Illustrated notes

Levels and vault maps discovered:
D:1:      roderic_crossed_star, layout_loops_ring,
          shapermc_ecumenical_altar_notcrosses
D:2:      layout_basic, basic_altar, glass_columns_b, minmay_misc_feat_square
D:3:      cheibrodos_pilgrimage, layout_rooms, nrook_mini_backslash,
          hangedman_decor_push

Skill      XL: |  1  2  3  4 |
---------------+-------------+-----
Maces & Flails | 3 4 5 |  5.3
Fighting       | |  3.2
Armour         | |  3.2
Shields        | |  4.0

Action                   |  1- 3 |  4- 6 || total
-------------------------+-------+-------++-------
Melee: Flail             |   100 |    39 ||   139
Armor: Scale mail        |    41 |    12 ||    53
Dodge: Dodged            |    40 |    10 ||    50
Block: Buckler           |    18 |     9 ||    27
